 Dungeon Crawl Stone Soup version 0.18-a0-1121-gb454403 (webtiles) character file.

16 Chiseanne the Gusty (level 2, 0/23 HPs)
             Began as a Centaur Air Elementalist on Jan 18, 2016.
             Slain by a worm (9 damage)
             ... on level 1 of the Dungeon.
             The game lasted 00:01:16 (504 turns).

Chiseanne the Gusty (Centaur Air Elementalist)       Turns: 504, Time: 00:01:16

Health: 0/23       AC:  7    Str: 10    XL:     2   Next: 41%
Magic:  4/4        EV:  2    Int: 14    God:
Gold:   29         SH:  0    Dex:  9    Spells: 1 memorised, 3 levels left

rFire  . . .     SeeInvis .     j - +0 short sword
rCold  . . .     Gourm    .     d - +0 chain mail
rNeg   . . .     Faith    .     (no shield)
rPois  .         Spirit   .     (no helmet)
rElec  .         Dismiss  .     (no cloak)
rCorr  .         Reflect  .     (no gloves)
SustAt .         Harm     .     (no barding)
MR     .....                    (no amulet)
Stlth  ..........               (no ring)
                                (no ring)

@: very quick, not resistant to hostile enchantments, extremely unstealthy
A: hooves 3, deformed body, speed 2, tough skin 3
a: no special abilities


You were on level 1 of the Dungeon.
You were not hungry.

You visited 1 branch of the dungeon, and saw 1 of its levels.

You collected 29 gold pieces.

Inventory:

Hand Weapons
 j - a +0 short sword (weapon)
Missiles
 g - 7 tomahawks (quivered)
 i - 14 sling bullets
 m - 5 curare-tipped needles
Armour
 a - a +0 robe
 d - a +0 chain mail (worn)
Jewellery
 e - a +5 amulet of reflection {unknown}
Scrolls
 h - a scroll of blinking {unknown}
 l - 2 scrolls of teleportation {unknown}
 n - 2 scrolls of remove curse {unknown}
Potions
 k - 2 potions of curing {unknown}
 o - a potion of flight {unknown}
Books
 b - a book of Air

   Spells                             Type                      Level
   a - Shock                          Conjuration/Air              1
   b - Swiftness                      Charms/Air                   2
   c - Repel Missiles                 Charms/Air                   2
   d - Static Discharge               Conjuration/Air              3
   e - Lightning Bolt                 Conjuration/Air              5
Comestibles
 c - a bread ration
 f - a slice of pizza


   Skills:
 * Level 1.5 Fighting
 * Level 0.8 Armour
 - Level 1.3 Dodging
 - Level 1.2 Stealth
 - Level 1.5 Spellcasting
 - Level 0.8 Conjurations
 - Level 2.6 Air Magic


You had 3 spell levels left.
You knew the following spells:

 Your Spells              Type           Power        Failure   Level  Hunger
a - Shock                 Conj/Air       #...         100%        1    ##.....


Dungeon Overview and Level Annotations

Branches:
Dungeon (1/15)

Altars:


Innate Abilities, Weirdness & Mutations

You have hooves in place of feet.
Armour fits poorly on your strangely shaped body.
You cover ground very quickly.
You have extremely tough skin (AC +3).


Message History

Key pressed, stopping explore.
n - 2 scrolls labeled PION TEAWKUM (gained 1) Key pressed, stopping explore.
Key pressed, stopping explore.
Key pressed, stopping explore.
A worm comes into view.
The worm moves out of view.
The worm is too close now for your liking.
A worm is nearby!
A worm is nearby!
The worm bites you but does no damage.
You hit the worm.
The worm is lightly wounded.
You hit the worm but do no damage.
The worm is lightly wounded.
The worm bites you!
You hit the worm.
The worm is lightly wounded.
The worm bites you!
You die...

###.##...........#.###########.
#.##.......................^.
#.##...........#.............
#....).........#.##..........
###.†.............##.........
#..........................
##......................)... #
####.......#.#w................
###....#...#.#..@................
.#..########.###...............[.
.#.............#........(........
.############..#...........[.....
.# ##..)................ .#
#..............##... .#
####..##.#........##... .#
#####.())....#.........#... .###
#.....#####..#.............


You could see a worm.

Vanquished Creatures
  A bat (D:1)
  A giant cockroach (D:1)
  3 goblins (D:1)
  3 hobgoblins (D:1)
  A giant newt (D:1)
  5 kobolds (D:1)
  3 rats (D:1)
17 creatures vanquished.

Notes
Turn   | Place    | Note
--------------------------------------------------------------
     0 | D:1      | Chiseanne the Centaur Air Elementalist began the quest for the Orb.
     0 | D:1      | Reached XP level 1. HP: 14/14 MP: 3/3
   132 | D:1      | Reached skill level 1 in Fighting
   253 | D:1      | Reached XP level 2. HP: 20/23 MP: 4/4
   504 | D:1      | Slain by a worm

Vault maps used:
D:1:      dpeg_arrival_pits, minmay_misc_feat_square

Action                   || total
-------------------------++-------
Melee: Short sword       ||    59
       Dagger            ||     7
       Unarmed           ||     3
 Cast: Shock             ||     2
